[Event "*** SCC Grand Prix: Titled Tuesday Blitz"]
[Site "Chess.com"]
[Date "2020.08.04"]
[Round "1"]
[White "KatarinaOstojic"]
[Black "volcanoexplorer"]
[Result "0-1"]
[WhiteElo "2213"]
[BlackElo "2556"]
[TimeControl "180+1"]
[EndTime "13:46:28 PDT"]
[Termination "volcanoexplorer won by resignation"]

1. d4 Nf6 2. Nf3 e6 3. c4 b6 4. g3 Ba6 5. b3 Bb4+ 6. Bd2 Be7 7. Bg2 c6 8. O-O d5 9. Ne5 Nfd7 10. Nxd7 Nxd7 11. cxd5 cxd5 12. Nc3 O-O 13. Re1 Rc8 14. e3 Bb4 15. Rc1 Ba3 16. Rb1 Bd3 17. Nb5 Bxb5 0-1

[Event "*** SCC Grand Prix: Titled Tuesday Blitz"]
[Site "Chess.com"]
[Date "2020.08.04"]
[Round "1"]
[White "Anna_ChessMate"]
[Black "ellatambien"]
[Result "0-1"]
[WhiteElo "2603"]
[BlackElo "2321"]
[TimeControl "180+1"]
[EndTime "13:46:30 PDT"]
[Termination "ellatambien won by resignation"]

1. d4 Nf6 2. c4 e6 3. Nf3 c5 4.
Nc3 cxd4 5. Bg5 dxc3 6. bxc3 Be7 7. e3 O-O 8. Bd3 b6 9. O-O Bb7 10. a4 Nc6 11. Bc2 g6 12. Nd4 Nxd4 13. cxd4 Rc8 14. Bd3 Ne4 15. Bh6 Re8 16. Qf3 Nc5 0-1

[Event "*** SCC Grand Prix: Titled Tuesday Blitz"]
[Site "Chess.com"]
[Date "2020.08.04"]
[Round "1"]
[White "Lupul_Cenusiu"]
[Black "harkerchess"]
[Result "1-0"]
[WhiteElo "2515"]
[BlackElo "2114"]
[TimeControl "180+1"]
[EndTime "13:46:43 PDT"]
[Termination "Lupul_Cenusiu won by resignation"]

1. d4 d5 2. c4 c6 3. Nc3 Nf6 4. Nf3 dxc4 5. g3 b5 6. Bg2 Qb6 7. Ne5 e6 8. a4 Bb7 9. O-O Be7 10. b3 cxb3 11. Qxb3 Qc7 12. Bf4 Qc8 13. axb5 O-O 14. Rfc1 cxb5 15. Nxb5 Nc6 16. Bxc6 1-0

[Event "*** SCC Grand Prix: Titled Tuesday Blitz"]
[Site "Chess.com"]
[Date "2020.08.04"]
[Round "1"]
[White "ChessWarrior7197"]
[Black "Bodnar_Mykola"]
[Result "1-0"]
[WhiteElo "2886"]
[BlackElo "2443"]
[TimeControl "180+1"]
[EndTime "13:46:58 PDT"]
[Termination "ChessWarrior7197 won by resignation"]

1. e4 e5 2. Nf3 Nc6 3. Bc4 Bc5 4. O-O Nf6 5. d4 exd4 6. e5 d5 7. exf6 dxc4 8. fxg7 Rg8 9. Bg5 Qd5 10. Nc3 Qf5 11. Ne4 Be7 12. Bxe7 Nxe7 13. Qxd4 Nd5 14. Qxd5 1-0

[Event "*** SCC Grand Prix: Titled Tuesday Blitz"]
[Site "Chess.com"]
[Date "2020.08.04"]
[Round "1"]
[White "Mikasinski"]
[Black "GigaQuparadze"]
[Result "0-1"]
[WhiteElo "2458"]
[BlackElo "2944"]
[TimeControl "180+1"]
[EndTime "13:47:27 PDT"]
[Termination "GigaQuparadze won by resignation"]

1. e4 c5 2. Nf3 e6 3. d4 cxd4 4.
Nxd4 a6 5. Nc3 b5 6. Be2 Bb7 7. Bf3 Nc6 8. O-O Nxd4 9. Qxd4 Ne7 10. Bg5 f6 11. Bh5+ Ng6 12. Be3 Qc7 13. Rad1 Rc8 14. f4 Bc5 15. Qxc5 Qxc5 16. Bxc5 Rxc5 17. f5 Ke7 18.
Rf3 Ne5 19. Rg3 g6 20. Be2 b4 21. Na4 0-1

[Event "*** SCC Grand Prix: Titled Tuesday Blitz"]
[Site "Chess.com"]
[Date "2020.08.04"]
[Round "1"]
[White "JMatias"]
[Black "dretch"]
[Result "0-1"]
[WhiteElo "2410"]
[BlackElo "2807"]
[TimeControl "180+1"]
[EndTime "13:47:50 PDT"]
[Termination "dretch won by resignation"]

1. e4 e6 2. d4 d5 3. Nc3 Nf6 4. e5 Nfd7 5. f4 c5 6. Nf3 Nc6 7. Be3 cxd4 8. Nxd4 Bc5 9. Qd2 O-O 10. Be2 Qe7 11. O-O f6 12. exf6 Nxf6 13. a3 Bd7 14. Rae1 Rac8 15. Nxc6 bxc6 16. Bf3 Bb6 17. Na4 Bxe3+ 18.
Qxe3 c5 19. c3 Bxa4 0-1

[Event "*** SCC Grand Prix: Titled Tuesday Blitz"]
[Site "Chess.com"]
[Date "2020.08.04"]
[Round "1"]
[White "Carnivoras"]
[Black "ahachess"]
[Result "1-0"]
[WhiteElo "2597"]
[BlackElo "2259"]
[TimeControl "180+1"]
[EndTime "13:48:00 PDT"]
[Termination "Carnivoras won by resignation"]

1. d4 d5 2. c4 e6 3. Nc3 c6 4. e3 Nf6 5. Nf3 Nbd7 6. Qc2 Bd6 7. b3 Qe7 8. Bb2 O-O 9. Bd3 b6 10. O-O Bb7 11. Rad1 Rac8 12. Qb1 Rfe8 13. Rfe1 dxc4 14.
bxc4 e5 15. Ne4 Bb8 16. Nxf6+ Nxf6 17. dxe5 Nd7 18. Bxh7+ Kf8 19. Bf5 Rcd8 20. Bxd7 Rxd7 21. Qh7 1-0

[Event "*** SCC Grand Prix: Titled Tuesday Blitz"]
[Site "Chess.com"]
[Date "2020.08.04"]
[Round "1"]
[White "2007checkmate"]
[Black "kakarot_001"]
[Result "0-1"]
[WhiteElo "2433"]
[BlackElo "2878"]
[TimeControl "180+1"]
[EndTime "13:48:15 PDT"]
[Termination "kakarot_001 won by resignation"]

1. Nc3 d5 2. d4 Nf6 3. Bf4 Bf5 4. f3 c6 5. g4 Bg6 6. h4 h5 7. g5 Nfd7 8. e4 e6 9. Bd3 Qb6 10. exd5 Bxd3 11. Qxd3 cxd5 12. Qb5 Qxd4 13. Qxb7 Qxf4 14. Qxa8 Qg3+ 15. Kf1 Bc5 16. Nd1 O-O 17. Qb7 f6 18. Rh3 Qxg1+ 19. Ke2 Qg2+ 0-1

[Event "*** SCC Grand Prix: Titled Tuesday Blitz"]
[Site "Chess.com"]
[Date "2020.08.04"]
[Round "1"]
[White "kasparicy"]
[Black "ElGasanov"]
[Result "0-1"]
[WhiteElo "2374"]
[BlackElo "2754"]
[TimeControl "180+1"]
[EndTime "13:48:15 PDT"]
[Termination "ElGasanov won by resignation"]

1. e4 c5 2. Nf3 Nc6 3. d4 cxd4 4. Nxd4 Nf6 5. Nc3 g6 6. Be3 Bg7 7. Be2 O-O 8. Nb3 a6 9. O-O b5 10. a3 Bb7 11. f4 d6 12. Bf3 Nd7 13. Qe1 Rc8 14.
Rd1 b4 15. axb4 Nxb4 16. Kh1 Nxc2 17. Qf2 Nxe3 18. Qxe3 Qb6 19. Qxb6 Nxb6 20. Na5 Ba8 21. Rc1 e6 22. Rfd1 Rfd8 23. h3 h5 24. Kh2 h4 25.
Rd3 Bh6 26. g3 hxg3+ 27. Kxg3 e5 0-1

[Event "*** SCC Grand Prix: Titled Tuesday Blitz"]
[Site "Chess.com"]
[Date "2020.08.04"]
[Round "1"]
[White "Keithonsky"]
[Black "DrMamaliga"]
[Result "1-0"]
[WhiteElo "2552"]
[BlackElo "2198"]
[TimeControl "180+1"]
[EndTime "13:48:27 PDT"]
[Termination "Keithonsky won by resignation"]

1. d4 Nf6 2. c4 e6 3. Nf3 b6 4.
g3 c6 5. Nbd2 d5 6. Bg2 Be7 7.
O-O O-O 8. Qc2 Bb7 9. e4 Na6 10.
e5 Nd7 11. cxd5 cxd5 12. Re1 Nb4 13. Qb1 Ba6 14. Bf1 Bxf1 15. Nxf1 Rc8 16. Ne3 Qc7 17. Re2 Qb7 18. a3 Qa6 19. Rd2 Nc6 20. b4 b5 21.
Rb2 Nb6 22. Bd2 Nc4 23. Rb3 Nxd2 24. Nxd2 Nxd4 25. Rd3 Nc6 26. f4 Qb6 27. Kg2 Rc7 28. Nb3 Rfc8 29. Qb2 d4 30. Nxd4 Nxd4 31. Qxd4 Qb7+ 32.
Kf2 Rd8 33. Qxd8+ 1-0

[Event "*** SCC Grand Prix: Titled Tuesday Blitz"]
[Site "Chess.com"]
[Date "2020.08.04"]
[Round "1"]
[White "chessuriel"]
[Black "Lagmantr"]
[Result "0-1"]
[WhiteElo "2275"]
[BlackElo "2622"]
[TimeControl "180+1"]
[EndTime "13:48:31 PDT"]
[Termination "Lagmantr won by resignation"]

1. e4 c6 2. d4 d5 3. Nc3 dxe4 4. Nxe4 Nf6 5. Nxf6+ exf6 6. Nf3 Bd6 7. g3 O-O 8. Bg2 Re8+ 9. Be3 Qa5+ 10. Qd2 Qb5 11. O-O-O Be6 12. Kb1 Na6 13. Bf4 Bxa2+ 14. Kxa2 Qa4+ 15.
Kb1 Nb4 16. Qc3 Qa2+ 17. Kc1 Re2 0-1

[Event "*** SCC Grand Prix: Titled Tuesday Blitz"]
[Site "Chess.com"]
[Date "2020.08.04"]
[Round "1"]
[White "Sanyura"]
[Black "AvitalBor"]
[Result "0-1"]
[WhiteElo "2394"]
[BlackElo "2768"]
[TimeControl "180+1"]
[EndTime "13:48:36 PDT"]
[Termination "AvitalBor won by resignation"]

1. e4 e5 2. Nf3 Nc6 3. Bb5 a6 4. Ba4 Nf6 5. O-O b5 6. Bb3 Bb7 7. Nc3 Be7 8. d3 O-O 9. a4 Na5 10. axb5 Nxb3 11. cxb3 axb5 12. Rxa8 Qxa8 13. Nxe5 b4 14.
Ne2 d5 15. f3 Bd6 16. Bf4 Re8 17. Ng4 Nxg4 18. fxg4 dxe4 19. dxe4 Bc5+ 20. Kh1 Bxe4 0-1

[Event "*** SCC Grand Prix: Titled Tuesday Blitz"]
[Site "Chess.com"]
[Date "2020.08.04"]
[Round "1"]
[White "igorkovalenko"]
[Black "Sadykov_Ramil"]
[Result "1-0"]
[WhiteElo "2889"]
[BlackElo "2448"]
[TimeControl "180+1"]
[EndTime "13:48:55 PDT"]
[Termination "igorkovalenko won by resignation"]

1. d4 Nf6 2. Nf3 d5 3. c4 e6 4. Nc3 c6 5. e3 Nbd7 6. Qc2 Bd6 7.
b3 O-O 8. Bb2 e5 9. Be2 e4 10.
Nd2 a6 11. g4 Qa5 12. g5 Ne8 13. h4 f6 14. cxd5 cxd5 15. Nxd5 fxg5 16. Bc3 Qd8 17.
Nxe4 1-0

[Event "*** SCC Grand Prix: Titled Tuesday Blitz"]
[Site "Chess.com"]
[Date "2020.08.04"]
[Round "1"]
[White "davigator"]
[Black "Rud_Makarian"]
[Result "0-1"]
[WhiteElo "2298"]
[BlackElo "2653"]
[TimeControl "180+1"]
[EndTime "13:49:01 PDT"]
[Termination "Rud_Makarian won by resignation"]

1. e4 e5 2. Nf3 Nc6 3. Bc4 Bc5 4.
c3 Nf6 5. d3 d6 6. O-O a5 7. Bb5 Bb6 8. a4 h6 9. Nbd2 Bd7 10.
Nc4 Ba7 11. Ne3 Ne7 12. Bxd7+ Qxd7 13. h3 Ng6 14. Nf5 O-O 15. Re1 Kh7 16. Be3 Bxe3 17. Rxe3 Rae8 18. Qb3 c6 19. Rd1 d5 20. g4 Nf4 21.
Kh2 g6 22. Ng3 d4 23. cxd4 exd4 24. Ree1 Nxg4+ 25. Kg1 Nxh3+ 26. Kg2 Nf4+ 27. Kf1 Nh2+ 28. Kg1 Nxf3+ 0-1

[Event "*** SCC Grand Prix: Titled Tuesday Blitz"]
[Site "Chess.com"]
[Date "2020.08.04"]
[Round "1"]
[White "spicycaterpillar"]
[Black "Makswolf200817"]
[Result "1-0"]
[WhiteElo "3002"]
[BlackElo "2469"]
[TimeControl "180+1"]
[EndTime "13:49:02 PDT"]
[Termination "spicycaterpillar won by resignation"]

1. e4 e6 2. d4 d5 3. Nd2 c5 4.
Ngf3 a6 5. c3 cxd4 6. cxd4 dxe4 7.
Nxe4 Bb4+ 8. Nc3 Nf6 9. Bd3 Nc6 10. O-O h6 11. a3 Be7 12. Bf4 O-O 13. Bc2 b5 14.
Qd3 Bb7 15. Ne4 Re8 16. Nxf6+ Bxf6 17. Qh7+ Kf8 18. d5 exd5 19. Rfe1 Ne7 20. Qh8+ Ng8 21. Bh7 1-0

[Event "*** SCC Grand Prix: Titled Tuesday Blitz"]
[Site "Chess.com"]
[Date "2020.08.04"]
[Round "1"]
[White "saisree"]
[Black "Dr-Bassem"]
[Result "0-1"]
[WhiteElo "2403"]
[BlackElo "2794"]
[TimeControl "180+1"]
[EndTime "13:49:16 PDT"]
[Termination "Dr-Bassem won by checkmate"]

1. Nf3 Nf6 2. b3 g6 3. Bb2 Bg7 4. e3 O-O 5. c4 d6 6. Be2 e5 7.
O-O Re8 8. d4 e4 9. Nfd2 h5 10.
Nc3 Bf5 11. b4 Nbd7 12. c5 d5 13. Qb3 Nf8 14. b5 c6 15. bxc6 bxc6 16. Qa4 Qd7 17. Nb3 N8h7 18. Na5 Rac8 19. Ba3 h4 20. Rfb1 h3 21.
Rb7 Qe6 22. g3 Ng5 23. Rab1 Bg4 24. Bf1 Bh5 25. Ne2 Nf3+ 26. Kh1 Ng4 27. Bxh3 Nxf2+ 28. Kg2 Qxh3+ 29. Kxf2 Qxh2+ 30. Kf1 Nd2+ 31. Ke1 Qxe2# 0-1

[Event "*** SCC Grand Prix: Titled Tuesday Blitz"]
[Site "Chess.com"]
[Date "2020.08.04"]
[Round "1"]
[White "binbin239"]
[Black "Mbneu"]
[Result "0-1"]
[WhiteElo "2551"]
[BlackElo "2253"]
[TimeControl "180+1"]
[EndTime "13:49:17 PDT"]
[Termination "Mbneu won by resignation"]

1. d4 Nf6 2. c4 c5 3. Nf3 cxd4 4. Nxd4 e5 5. Nb5 d5 6. cxd5 Bc5 7. N5c3 O-O 8. g3 e4 9. Bg2 e3 10. f4 Ng4 11. O-O Nf2 12. Qc2 Bh3 13. b4 Bd4 14.
Bxh3 Nxh3+ 15. Kg2 Nf2 16. Qb3 Qd7 17. Rxf2 exf2 18.
e3 Qh3+ 19. Kxf2 Qxh2+ 20. Kf3 Qh1+ 21. Ke2 Qxc1 22. d6 Bxc3 0-1

[Event "*** SCC Grand Prix: Titled Tuesday Blitz"]
[Site "Chess.com"]
[Date "2020.08.04"]
[Round "1"]
[White "RestartingChess"]
[Black "Sn00pPawn"]
[Result "1-0"]
[WhiteElo "2496"]
[BlackElo "1949"]
[TimeControl "180+1"]
[EndTime "13:49:35 PDT"]
[Termination "RestartingChess won by resignation"]

1. e4 c5 2. Nf3 d6 3. Bb5+ Bd7 4. c4 Nc6 5. Nc3 g6 6. d3 Bg7 7. Be3 Nd4 8. Bxd7+ Qxd7 9. Bxd4 cxd4 10. Nb5 e5 11. Qa4 Kf8 12. Qa3 Ke7 13. Qa5 Nf6 14. Qb4 a6 15. Nxe5 Qe6 16. Nxd4 Qxe5 17. Qxb7+ Nd7 18. Nc6+ Ke6 19. Nxe5 Bxe5 20. Qd5+ Ke7 21. O-O Rab8 22.
Rab1 Rb6 23. f4 Bxb2 24. e5 Rhb8 25. exd6+ Kf8 26. c5 Rb5 27. Rxb2 Rxb2 28. Qd4 Kg8 29. c6 Nf8 30. c7 1-0

[Event "*** SCC Grand Prix: Titled Tuesday Blitz"]
[Site "Chess.com"]
[Date "2020.08.04"]
[Round "1"]
[White "LyonBeast"]
[Black "bazar-wokzal"]
[Result "1-0"]
[WhiteElo "3030"]
[BlackElo "2473"]
[TimeControl "180+1"]
[EndTime "13:49:46 PDT"]
[Termination "LyonBeast won by resignation"]

1. e4 Nc6 2. Nf3 d5 3. exd5 Qxd5 4. Be2 Bg4 5. O-O O-O-O 6. h3 Bh5 7. d3 Nf6 8. Be3 e5 9. Nbd2 Bc5 10. Bxc5 Qxc5 11. c3 Rhe8 12. Ng5 Bg6 13. Qa4 Bxd3 14. Bxd3 Rxd3 15. Nde4 Nxe4 16. Qxe4 Rd2 17. Qxh7 Rxb2 18. Qxg7 f5 19. Qg6 Qf8 20. Nh7 Qe7 21. Qxf5+ Kb8 22. Nf6 Rd8 23. Ne4 a5 24. Rfb1 Rc2 25. Nc5 Qxc5 26.
Qxc2 Nd4 27. Qb2 Qd5 28. cxd4 Rg8 29. Qxb7+ Qxb7 30. Rxb7+ Kxb7 31. dxe5 1-0

[Event "*** SCC Grand Prix: Titled Tuesday Blitz"]
[Site "Chess.com"]
[Date "2020.08.04"]
[Round "1"]
[White "diablanni"]
[Black "XDPS"]
[Result "0-1"]
[WhiteElo "2311"]
[BlackElo "2674"]
[TimeControl "180+1"]
[EndTime "13:49:49 PDT"]
[Termination "XDPS won by resignation"]

1. e4 c5 2. Nf3 e6 3. d4 cxd4 4.
Nxd4 a6 5. c4 Nf6 6. Nc3 Qc7 7.
a3 d6 8. Be2 b6 9. Be3 Bb7 10.
f3 Nbd7 11. O-O Be7 12. Rc1 O-O 13. b4 Rac8 14. Qd2 Qb8 15. Rc2 h5 16. Rb1 h4 17.
h3 Ne5 18. Na4 Bd8 19. Bg5 Bxe4 20. Bxf6 Bxc2 21. Bxd8 Bxb1 22. Bxh4 Nxc4 23. Qc1 Bg6 24. Bg3 b5 25. Nc3 Ne5 26. Qe3 Qc7 27. Ne4 Qc1+ 0-1

[Event "*** SCC Grand Prix: Titled Tuesday Blitz"]
[Site "Chess.com"]
[Date "2020.08.04"]
[Round "1"]
[White "Fighter008"]
[Black "YIYUKI"]
[Result "1-0"]
[WhiteElo "2602"]
[BlackElo "2266"]
[TimeControl "180+1"]
[EndTime "13:49:50 PDT"]
[Termination "Fighter008 won by resignation"]

1. e4 e5 2. Nf3 Nc6 3. Nc3 g6 4. d4 exd4 5. Nxd4 Bg7 6. Be3 Nf6 7. Nxc6 bxc6 8. e5 Nd5 9. Nxd5 cxd5 10. Qxd5 Rb8 11.
O-O-O Bb7 12. Qc5 Qe7 13. Qxe7+ Kxe7 14. Bxa7 Ra8 15. Bc5+ Kd8 16. Bb5 Rxa2 17. Rxd7+ Kc8 18. Kb1 Ra5 19. Rxf7 Bxe5 20. c4 c6 21. Bb6 cxb5 22. Bxa5 Be4+ 23. Ka2 bxc4 24. Re1 1-0

[Event "*** SCC Grand Prix: Titled Tuesday Blitz"]
[Site "Chess.com"]
[Date "2020.08.04"]
[Round "1"]
[White "Jospem"]
[Black "Sekar24"]
[Result "1-0"]
[WhiteElo "2931"]
[BlackElo "2454"]
[TimeControl "180+1"]
[EndTime "13:49:53 PDT"]
[Termination "Jospem won by resignation"]

1. e4 c5 2. Nf3 d6 3. d4 cxd4 4. Nxd4 Nf6 5. Nc3 a6 6. Be2 e5 7. Nf3 Be7 8. Bg5 Be6 9. Bxf6 Bxf6 10. Nd5 O-O 11. Bc4 Nd7 12. O-O b5 13. Bb3 Be7 14. c3 Nb6 15. Nxb6 Qxb6 16. Qd3 Rac8 17. Rfe1 Bc4 18. Bxc4 Rxc4 19. Nd2 Rc6 20. Rad1 Rd8 21. Nf1 Bg5 22. Qe2 Kf8 23. Rd3 b4 24. c4 Rxc4 25. Rg3 Rdc8 26. Rxg5 Rc2 27. Qf3 Rxb2 28. Ne3 Rxa2 29. Rxg7 Kxg7 30. Qg4+ 1-0

[Event "*** SCC Grand Prix: Titled Tuesday Blitz"]
[Site "Chess.com"]
[Date "2020.08.04"]
[Round "1"]
[White "12teen"]
[Black "51616516516"]
[Result "1-0"]
[WhiteElo "2652"]
[BlackElo "2296"]
[TimeControl "180+1"]
[EndTime "13:49:56 PDT"]
[Termination "12teen won by resignation"]

1. g3 Nf6 2. Bg2 g6 3. e4 d6 4.
Nc3 c5 5. f4 Bg7 6. d3 Nc6 7.
h3 O-O 8. g4 e6 9. Nf3 Rb8 10.
Ne2 e5 11. f5 d5 12. g5 Nh5 13. f6 Bh8 14. exd5 Qxd5 15. Nc3 Qd7 16. Ne4 b6 17. Nh2 h6 18. h4 Nd4 19. c3 Nf5 20. Ng4 Bb7 21. O-O Nxh4 22. gxh6 Nxg2 23. h7+ Kxh7 24. Ng5+ 1-0

[Event "*** SCC Grand Prix: Titled Tuesday Blitz"]
[Site "Chess.com"]
[Date "2020.08.04"]
[Round "1"]
[White "bratkoo"]
[Black "lacafi"]
[Result "1-0"]
[WhiteElo "2506"]
[BlackElo "2026"]
[TimeControl "180+1"]
[EndTime "13:50:01 PDT"]
[Termination "bratkoo won by resignation"]

1. e4 c6 2. d4 d5 3. e5 Bf5 4. Nf3 e6 5. Be2 Ne7 6. Nbd2 c5 7. dxc5 Nec6 8. Nb3 Nd7 9. Nbd4 Ndxe5 10. Nxe5 Nxe5 11. Bb5+ Nd7 12. Bxd7+ Qxd7 13. Nxf5 exf5 14. Be3 Be7 15. Bd4 O-O 16. O-O Qc6 17. b4 a5 18. a3 axb4 19. axb4 Rxa1 20. Qxa1 f6 21. Re1 Bd8 22. Qa2 Bc7 23. h3 Rd8 24. Re7 Kf8 25.
b5 1-0

[Event "*** SCC Grand Prix: Titled Tuesday Blitz"]
[Site "Chess.com"]
[Date "2020.08.04"]
[Round "1"]
[White "exoticprincess"]
[Black "KarstenHansch"]
[Result "1-0"]
[WhiteElo "2827"]
[BlackElo "2415"]
[TimeControl "180+1"]
[EndTime "13:50:02 PDT"]
[Termination "exoticprincess won by resignation"]

1. d4 d5 2. c4 e6 3. Nc3 Nf6 4. Bg5 Be7 5. e3 Nbd7 6. Rc1 h6 7. Bxf6 Nxf6 8. cxd5 exd5 9. Bd3 O-O 10. Nge2 c6 11. O-O Re8 12. Ng3 Bf8 13. Bf5 Bxf5 14. Nxf5 Qd7 15.
Qf3 g6 16. Ng3 Bg7 17. Rfd1 h5 18. h3 h4 19. Nge2 Ne4 20. Nf4 Bh6 21. Nd3 Re7 22. Rc2 Rae8 23. Ne5 Qf5 24. Qxf5 gxf5 25. Ne2 f4 26.
Ng4 fxe3 27. Nxh6+ Kh7 28. Nf5 exf2+ 29. Kf1 Ng3+ 30. Nfxg3 hxg3 31. Rd3 Re3 32. Rxe3 Rxe3 33. Rc3 1-0

[Event "*** SCC Grand Prix: Titled Tuesday Blitz"]
[Site "Chess.com"]
[Date "2020.08.04"]
[Round "1"]
[White "Euge_chess"]
[Black "Chesswizard_2007"]
[Result "0-1"]
[WhiteElo "2035"]
[BlackElo "2509"]
[TimeControl "180+1"]
[EndTime "13:50:09 PDT"]
[Termination "Chesswizard_2007 won by resignation"]

1. e4 e5 2. Nf3 Nc6 3. Nc3 Nf6 4. Bb5 Nd4 5. Bc4 Nxf3+ 6. Qxf3 Be7 7. d3 c6 8. Bg5 b5 9. Bb3 d6 10. Bxf6 Bxf6 11.
O-O O-O 12. a4 b4 13. Ne2 Be6 14. Rfd1 Bxb3 15. cxb3 c5 16. Ng3 g6 17. Nf1 Bg5 18. g3 Kh8 19. h4 Bh6 20. Ne3 Bxe3 21. fxe3 Qe7 22. d4 Rac8 23. dxe5 Qxe5 24. Rd2 f5 25. exf5 Rxf5 26. Qg2 Qxe3+ 27. Kh2 Rcf8 28. Kh3 Qe6 29. Qd5 Rxd5+ 0-1

[Event "*** SCC Grand Prix: Titled Tuesday Blitz"]
[Site "Chess.com"]
[Date "2020.08.04"]
[Round "1"]
[White "BilodeauA"]
[Black "amatatanav"]
[Result "1-0"]
[WhiteElo "2862"]
[BlackElo "2430"]
[TimeControl "180+1"]
[EndTime "13:50:14 PDT"]
[Termination "BilodeauA won on time"]

1. d4 Nf6 2. Nc3 d5 3. Bf4 c5 4. e3 a6 5. Nf3 b5 6. dxc5 e6 7. b4 Nc6 8. a3 Nh5 9. Bg5 f6 10.
Bh4 g6 11. Nd4 Bd7 12. Be2 Ng7 13. O-O h5 14. Bd3 Kf7 15. f4 Nf5 16. Bf2 Qc7 17.
Qf3 Nce7 18. a4 bxa4 19. Nxa4 Nxd4 20. exd4 Bxa4 21. Rxa4 Nc6 22. b5 1-0

[Event "*** SCC Grand Prix: Titled Tuesday Blitz"]
[Site "Chess.com"]
[Date "2020.08.04"]
[Round "1"]
[White "killer311"]
[Black "1stSecond"]
[Result "0-1"]
[WhiteElo "2422"]
[BlackElo "2850"]
[TimeControl "180+1"]
[EndTime "13:50:15 PDT"]
[Termination "1stSecond won by resignation"]

1. d4 Nf6 2. c4 e6 3. Nc3 Bb4 4. Bd2 c5 5. e3 cxd4 6. exd4 d5 7. Nf3 O-O 8. Bd3 dxc4 9. Bxc4 Nc6 10. a3 Be7 11. Bf4 Nd5 12. Bd2 Nxc3 13. Bxc3 Bf6 14. O-O b6 15. d5 Bxc3 16. bxc3 exd5 17. Bxd5 Bb7 18. c4 Rc8 19. Qd3 Na5 20. Rad1 Qf6 21. Rfe1 Bxd5 22. cxd5 Rfd8 23. Qa6 Rc7 24. d6 Rcd7 25. Qb5 g6 26. Re8+ Kg7 27. Rxd8 Rxd8 28. d7 Nb7 29. Qa6 Nc5 30. Qxa7 Rxd7 31. Rxd7 Qa1+ 0-1

[Event "*** SCC Grand Prix: Titled Tuesday Blitz"]
[Site "Chess.com"]
[Date "2020.08.04"]
[Round "1"]
[White "goofypenguin96"]
[Black "wild_cat99"]
[Result "0-1"]
[WhiteElo "2330"]
[BlackElo "2697"]
[TimeControl "180+1"]
[EndTime "13:50:24 PDT"]
[Termination "wild_cat99 won by resignation"]

1. e4 c5 2. Nf3 d6 3. c3 Nf6 4. h3 e6 5. Bd3 Nbd7 6. Bc2 Qc7 7.
d4 cxd4 8. cxd4 Be7 9. Nc3 a6 10. O-O b5 11. a3 Bb7 12. Bf4 O-O 13. Qd3 g6 14. e5 dxe5 15. Nxe5 Nxe5 16. Bxe5 Qc6 17.
Qg3 Nh5 18. Qh2 f6 19. Be4 Qd7 20. Bxb7 Qxb7 21. Bd6 Rad8 22. Bxe7 Qxe7 23. Rad1 Qb7 24.
Rfe1 Ng7 25. Ne4 e5 26. d5 Rxd5 27. Nc3 Rd4 28. Rxd4 exd4 29. Ne4 d3 30. Qd6 Nf5 31. Nxf6+ Kg7 32. Ne8+ Rxe8 33. Rxe8 Nxd6 0-1

[Event "*** SCC Grand Prix: Titled Tuesday Blitz"]
[Site "Chess.com"]
[Date "2020.08.04"]
[Round "1"]
[White "Alberquintin"]
[Black "Firouzja2003"]
[Result "0-1"]
[WhiteElo "2472"]
[BlackElo "3028"]
[TimeControl "180+1"]
[EndTime "13:50:28 PDT"]
[Termination "Firouzja2003 won by resignation"]

1. c4 Nf6 2. Nc3 g6 3. g3 Bg7 4. Bg2 O-O 5. Nf3 d6 6. O-O e5 7. d3 Nc6 8. Rb1 h6 9. b4 g5 10. b5 Ne7 11. Nd2 Ng6 12. Ba3 g4 13. Qb3 h5 14. c5 Be6 15. Qc2 Rb8 16. cxd6 cxd6 17. Nde4 Ne8 18. Qa4 f5 19. Nd2 Nf6 20. Nc4 d5 21.
Bxf8 Qxf8 22. Qxa7 dxc4 23. dxc4 e4 24. c5 Nd7 25. c6 Ra8 26. Qe3 bxc6 27. bxc6 Nde5 28.
c7 Rc8 29. Qb6 Qe7 30. Nb5 Nc4 31. Qb7 Nd2 32. Rfc1 Nxb1 33. Na7 Rf8 34. c8=Q Bxc8 0-1

[Event "*** SCC Grand Prix: Titled Tuesday Blitz"]
[Site "Chess.com"]
[Date "2020.08.04"]
[Round "1"]
[White "StoreySniper"]
[Black "IMHansNiemann"]
[Result "0-1"]
[WhiteElo "2448"]
[BlackElo "2887"]
[TimeControl "180+1"]
[EndTime "13:50:28 PDT"]
[Termination "IMHansNiemann won by resignation"]

1. e4 e6 2. Nc3 d5 3. exd5 exd5 4. Nf3 Nf6 5. d4 c6 6. h3 Bb4 7. Bd3 Ne4 8. Bd2 Nxd2 9. Qxd2 Qe7+ 10. Qe2 Qxe2+ 11. Kxe2 O-O 12. Rhe1 Nd7 13. Kf1 Nb6 14. Re2 h6 15. Nd1 Bd6 16. c3 Be6 17. Ne3 Rae8 18. Nf5 Bc7 19. Rae1 Nd7 20. h4 g6 21. Ng3 Nf6 22.
Bxg6 fxg6 23. Rxe6 Rxe6 24. Rxe6 Kf7 25. Re2 Bxg3 26.
fxg3 Ne4 27. Ke1 Nxg3 28. Rf2 Kg7 29. Ne5 Nf5 30. Kd2 h5 31. Nf3 Nxh4 32. Re2 Nxf3+ 33. gxf3 Rxf3 0-1

[Event "*** SCC Grand Prix: Titled Tuesday Blitz"]
[Site "Chess.com"]
[Date "2020.08.04"]
[Round "1"]
[White "Quiet_Desperation"]
[Black "dlp300"]
[Result "0-1"]
[WhiteElo "2254"]
[BlackElo "2584"]
[TimeControl "180+1"]
[EndTime "13:50:31 PDT"]
[Termination "dlp300 won by resignation"]

1. e4 c6 2. Nf3 d5 3. Nc3 Bg4 4.
h3 Bxf3 5. Qxf3 Nf6 6. e5 Nfd7 7.
d4 e6 8. Be3 c5 9. Bb5 Nc6 10.
Bxc6 bxc6 11. O-O cxd4 12. Bxd4 c5 13. Nxd5 cxd4 14. Rfe1 exd5 15. e6 Nf6 16. g4 fxe6 17. Rxe6+ Kf7 18. Rae1 h6 19. h4 Qc7 20. Rxf6+ gxf6 21. Qxd5+ Kg7 22. Qxa8 Bb4 23. Re8 Rxe8 24. Qxe8 Bd6 25.
h5 Qf7 26. Qe4 Be5 27. f4 Bc7 28. b4 Bb6 29. Kh2 Kf8 30. a4 Qe7 31. Qxe7+ Kxe7 32. a5 Bc7 33. Kg3 a6 34. Kf3 Bd6 35. Ke4 Bxb4 36.
Kxd4 Bxa5 37. Ke4 Bc3 0-1

[Event "*** SCC Grand Prix: Titled Tuesday Blitz"]
[Site "Chess.com"]
[Date "2020.08.04"]
[Round "1"]
[White "BogdanDeac"]
[Black "djano"]
[Result "0-1"]
[WhiteElo "2775"]
[BlackElo "2413"]
[TimeControl "180+1"]
[EndTime "13:50:32 PDT"]
[Termination "djano won by resignation"]

1. Nf3 g6 2. e4 Bg7 3. d4 b6 4. c4 Bb7 5. Nc3 e6 6. h4 h6 7. Bd3 d6 8. d5 e5 9. h5 g5 10. Ne2 Ne7 11. Ng3 Nd7 12. Nh2 Nc5 13. Bc2 a5 14. Ng4 Bc8 15. Ne3 Bd7 16. b3 Qc8 17. a3 a4 18. b4 Nb3 19. Bxb3 axb3 20.
Qxb3 f5 21. exf5 Nxf5 22. Nexf5 Bxf5 23. Nxf5 Qxf5 24. O-O O-O 25. Be3 g4 26. c5 bxc5 27.
bxc5 Qxh5 28. cxd6 cxd6 29. Rfc1 e4 30. Rab1 Be5 31. Qc4 Qh2+ 32. Kf1 Qh1+ 33. Ke2 Qxg2 34. a4 g3 35. Rg1 Rxf2+ 0-1